AoeStats
← brkhn

Arabia

509465681Analyzed
1v1 RM · 5d ago on Sep 26, 2026· 86m 59s· 2 players
Game mode
Random Map
Map size
Tiny (2 player)
Population
200
Speed
Normal
Resources
Standard
Victory
Conquest
Starting age
Dark Age
Ending age
Imperial Age
RankedLock teamsTeams togetherTeam positionsShared explorationLock speedFull tech treeHidden civsTurbo modeCheats
Victory
Defeat
🇹🇷 Persians · Türkiye
927
+15
🇺🇾 Gurjaras · Uruguay
906
-15
Creative Curl
5:37 Loom
9:47 Feudal Age
11:25 Double-Bit Axe
15:57 Bloodlines
17:12 Wheelbarrow
21:09 Castle Age
22:11 Husbandry
22:45 Forging
34:15 Imperial Age
33:37 Iron Casting
33:03 Scale Mail Armor
33:09 Scale Barding Armor
37:07 Arson
36:53 Elite Shrivamsha Rider
39:35 Wheelbarrow
38:46 Horse Collar
41:23 Chain Mail Armor
41:29 Chain Barding Armor
43:26 Heavy Camel Rider
45:01 Elite Chakram Thrower
46:14 Plate Mail Armor
46:47 Plate Barding Armor
50:29 Hoardings
50:35 Hoardings
58:33 Masonry
59:53 Fervor
60:09 Sanctity
60:23 Illumination
63:47 Kshatriyas
64:11 Hand Cart
64:03 Heavy Plow
64:15 Bow Saw
brkhn
6:19 Loom
9:02 Feudal Age
9:33 Double-Bit Axe
19:35 Castle Age
17:38 Gold Mining
18:09 Fletching
20:27 Wheelbarrow
23:29 Town Watch
24:30 Pikeman
26:26 Bodkin Arrow
26:39 Scale Barding Armor
26:48 Forging
30:44 Kamandaran
31:58 Padded Archer Armor
32:48 Bow Saw
32:21 Crossbowman
33:54 Ballistics
35:26 Squires
35:32 Scale Mail Armor
35:48 Leather Archer Armor
36:19 Thumb Ring
40:10 Imperial Age
38:26 Hand Cart
40:06 Scale Barding Armor
40:37 Iron Casting
41:31 Cavalier
42:26 Bloodlines
42:20 Husbandry
44:23 Savar
44:31 Savar
45:39 Chain Barding Armor
46:20 Blast Furnace
48:08 Plate Barding Armor
48:14 Conscription
48:23 Town Patrol
60:35 Chemistry
61:11 Plate Barding Armor
61:58 Light Cavalry
66:41 Hussar
83:58 Ring Archer Armor
Connection lost

Rejoining the realm…

Still unreachable

The connection could not be restored.

Session expired

The server has moved on; the page needs a fresh start.